cohdb
Replays
Latest Replays
All Replays
Popular Replays
Top Player Replays
Match Explorer
How It Works
Community
CoH3 Stats
Reddit
Sign in to upload your games and track your stats! →
Sign in with Steam
Match 44213838
Unlisted
Match 44213838
Overview
Messages
Build Orders
End
Scout Squad
Scout Squad
Scout Squad
Selects Advanced Infantry Battlegroup
Construct Barracks
Infantry Support Center
M1 Mortar Team
Construct Medical Station
Selects Artillery Observers
Artillery Observer Squad
Selects Convert to Ranger Squad
Construct Motor Pool
Ranger Squad
Ranger Squad
Selects Frontline Medical Station
Selects Ranger Weapon Training
RUKAclDCッ
MonikaのPants
MrGlaucus
Discoverer
0
0
Comments
sign in to comment!
No comments posted yet!